 Dungeon Crawl Stone Soup version 0.22-a0-480-g991dd4b (webtiles) character file.

5 Gildenfire the Charmwright (level 1, 0/10 HPs)
             Began as a Spriggan Skald on June 15, 2018.
             Slain by a bat (1 damage)
             ... on level 1 of the Dungeon.
             The game lasted 00:01:36 (132 turns).

Gildenfire the Charmwright (Spriggan Skald)          Turns: 132, Time: 00:01:36

Health: 0/10       AC:  2    Str:  7    XL:     1   Next: 66%
Magic:  3/5        EV: 19    Int: 14    God:
Gold:   5          SH:  0    Dex: 15    Spells: 4/5 levels left

rFire    . . .     SeeInvis +   a - +0 short sword
rCold    . . .     Gourm    .   (shield restricted)
rNeg     . . .     Faith    .   b - +0 robe
rPois    +         Spirit   .   (helmet restricted)
rElec    .         Reflect  .   (no cloak)
rCorr    .         Harm     .   (gloves unavailable)
MR       .....                  (boots unavailable)
Stlth    +.........             (no amulet)
HPRegen  0.03/turn              e - ring of poison resistance
MPRegen  0.09/turn              (no ring)

@: very quick
A: very small, unfitting armour, see invisible, herbivore, speed 3, slow
metabolism 2
a: no special abilities


You were on level 1 of the Dungeon.
You were not hungry.

You visited 1 branch of the dungeon, and saw 1 of its levels.

You collected 5 gold pieces.

Inventory:

Hand Weapons
 a - a +0 short sword (weapon)
Armour
 b - a +0 robe (worn)
Jewellery
 e - a ring of poison resistance (left hand)
Potions
 c - a potion of heal wounds
Comestibles
 d - a ration


   Skills:
 + Level 1.6 Fighting
 + Level 2.2 Short Blades
 + Level 3.6 Dodging
 + Level 2.8 Spellcasting
 + Level 4.6 Charms


You had 4 spell levels left.
You knew the following spells:

 Your Spells              Type           Power        Failure   Level  Hunger
a - Infusion              Chrm           ###.         3%          1    #......

Your spell library contained the following spells:

 Spells                   Type           Power        Failure   Level  Hunger
 Regeneration             Chrm/Necr      #.........   26%         3    ###....
 Shroud of Golubria       Chrm/Tloc      #.........   13%         2    ###....
 Song of Slaying          Chrm           ###.....     4%          2    ###....
 Spectral Weapon          Hex/Chrm       #.......     26%         3    ###....


Dungeon Overview and Level Annotations

Branches:
Dungeon (1/15)

Altars:


Innate Abilities, Weirdness & Mutations

You are very small and have problems with some larger weapons.
You are too small for most types of armour.
You have supernaturally acute eyesight. (SInv)
You are a herbivore.
You cover ground extremely quickly.
You need to consume almost no food.


Message History

You barely miss the bat.
The bat is severely wounded.
The bat barely misses you. The bat barely misses you.
You hit the bat.
The bat is severely wounded.
The bat misses you. The bat hits you.
* * * LOW HITPOINT WARNING * * *
The bat closely misses you.
You barely miss the bat.
The bat is moderately wounded.
The bat misses you. The bat closely misses you.
You hit the bat but do no damage.
The bat is moderately wounded.
The bat misses you.
You barely miss the bat.
The bat is moderately wounded.
The bat hits you.
You die...

##.###########.# #.#
#.# #.# ##+# #.#
##...## #.###
##.....## #.#.##
##.......##
##....####.........#
.........+........[+
....
##....####......@..#
... #.#.##
##.....b.## ..#
#.##### ##.....##
... #.....#
##.....## #.#
#.....# ##.....##
#.# #.....#
#.......#####.#
#.....#
#.............#
#.^...#
###.......#######
###.### ##.#......##


You could see a bat.

Vanquished Creatures
  2 dart slugs (D:1)
2 creatures vanquished.

Notes
Turn   | Place    | Note
-------+----------+-------------------------------------------
     0 | D:1      | Gildenfire the Spriggan Skald began the quest for the Orb.
     0 | D:1      | Reached XP level 1. HP: 10/10 MP: 5/5
   132 | D:1      | Slain by a bat

Vault maps used:
D:1:      dpeg_arrival_orchard

Action                   || total
-------------------------++-------
Melee: Short sword       ||    17
 Cast: Infusion          ||     1
  Use: Scroll            ||     1
Dodge: Dodged            ||    11

Table legend:
 A = Spawn XP
 B = Non-spawn XP
 C = Spawn XP percentage of total XP
 D = Spawn monster count
 E = Non-spawn monster count
 F = Spawn count percentage of total count
 G = Total turns spent on level
                    A         B        C        D         E        F      G
               +---------+---------+-------+---------+---------+-------+---------
         Total |       0 |       8 |   0.0 |       0 |       2 |   0.0 |   132
               +---------+---------+-------+---------+---------+-------+---------
           D:1 |       0 |       8 |   0.0 |       0 |       2 |   0.0 |   132
               +---------+---------+-------+---------+---------+-------+---------
